 Dungeon Crawl Stone Soup version 0.31.0 (webtiles) character file.

Game seed: 12154292936346094664

569 Skeral the Apothecary (level 7, 0/67 HPs)
             Began as an Oni Alchemist on Jan 20, 2024.
             Was an Initiate of Vehumet.
             Killed from afar by an acid dragon (33 damage)
             ... with a splash of acid
             ... on level 5 of the Dungeon.
             The game lasted 00:11:32 (4089 turns).

Skeral the Apothecary (Oni Alchemist)               Turns: 4089, Time: 00:11:33

Health: 0/67       AC: -9    Str: 13    XL:     7   Next: 33%
Magic:  16/22      EV:  9    Int: 18    God:    Vehumet [......]
Gold:   307        SH:  0    Dex:  9    Spells: 4/14 levels left

rFire   . . .        c - +0 dagger
rCold   . . .        (no shield)
rNeg    . . .        a - +0 robe
rPois   .            (helmet restricted)
rElec   .            (no cloak)
rCorr   .            (gloves unavailable)
SInv    .            (boots unavailable)
Will    .....        (no amulet)
Stlth   +            W - ring of magical power
HPRegen 0.31/turn    Y - +4 ring of slaying
MPRegen 0.18/turn

%: no passive effects
@: about to teleport, corroded, very slightly contaminated
A: large, unfitting armour, horns 1, tough skin 1, double potion healing,
drunken brawling
a: Renounce Religion


You were on level 5 of the Dungeon.
You worshipped Vehumet.
Vehumet was noncommittal.
You visited 2 branches of the dungeon, and saw 6 of its levels.

You collected 307 gold pieces.


Innate Abilities, Weirdness & Mutations

You are too large for most types of armour.
You have a pair of small horns on your head.
You have tough skin. (AC +1)
You gain doubled healing and magic from potions.
Whenever you drink a healing potion, you attack all around you.


   Skills:
 + Level 3.3 Fighting
 - Level 1.7 Dodging
 - Level 1.4 Stealth
 - Level 4.0 Spellcasting
 + Level 3.2 Conjurations
 + Level 2.2 Fire Magic
 + Level 2.0 Air Magic
 + Level 4.2 Alchemy


You had 4 spell levels left.
You knew the following spells:

 Your Spells              Type           Power      Damage    Failure   Level
f - Sticky Flame          Fire/Alch      15%        2d5       36%         4
m - Mephitic Cloud        Conj/Alch/Air  15%        N/A       12%         3
s - Sting                 Conj/Alch      68%        1d7       3%          1
v - Mercury Vapours       Alch/Air       30%        N/A       6%          2

Your spell library contained the following spells:

 Spells                   Type           Power      Damage    Failure   Level
 Ensorcelled Hibernation  Hex/Ice        6%         N/A       22%         2
 Lesser Beckoning         Tloc           6%         N/A       22%         2
 Olgreb's Toxic Radiance  Alch           19%        N/A       26%         4
 Fugue of the Fallen      Necr           3%         N/A       41%         3
 Gell's Gravitas          Tloc           3%         N/A       41%         3
 Teleport Other           Tloc           3%         N/A       41%         3
 Anguish                  Hex/Necr       1%         N/A       82%         4
 Dispersal                Tloc           1%         N/A       100%        6

Inventory:

Hand Weapons
 c - a +0 dagger (weapon)
   (You took it off a kobold on level 1 of the Dungeon)
Missiles
 i - 3 poisoned darts
Armour
 a - a +0 robe (worn)
Jewellery
 D - a +6 ring of dexterity
   (You found it on level 4 of the Dungeon)
 W - a ring of magical power (left hand)
   (You found it on level 1 of the Dungeon)
 Y - a +4 ring of slaying (right hand)
   (You found it on level 3 of the Dungeon)
Scrolls
 e - 2 scrolls of vulnerability {unknown}
 h - a scroll of enchant armour
 k - a scroll of blinking {!r}
 m - a scroll of amnesia
 p - a scroll of enchant weapon {unknown}
 q - a scroll of poison {unknown}
Potions
 b - a potion of magic
 d - a potion of might {unknown}
 f - 3 potions of curing {@q1}
 g - a potion of attraction {unknown}
 j - a potion of brilliance {unknown}
 l - a potion of invisibility {unknown}
 n - a potion of heal wounds {@q2}

Dungeon Overview and Level Annotations

Branches:
Dungeon (5/15) Zot: 25980  Temple (1/1) D:4 Zot: 5932

Altars:
Ashenzari
Cheibriados
Dithmenos
Elyvilon
Fedhas
Gozag
Hepliaklqana
Kikubaaqudgha
Makhleb
Nemelex Xobeh
Okawaru
Qazlal
Ru
Sif Muna
Trog
Uskayaw
Vehumet
Wu Jian
Xom
Yredelemnul
Zin
The Shining One

Annotations:
D:5 1 runed translucent door, Janerl's ghost, novice MiBe

#.#### #... #####.##.##
#... #.##..#.#.#####.
##+# #.##...###.###..
#...# #.##..## ##.##..
.....# #.###..###.###..
......# #.......#.## #..
.......####...##.#####†.
......D@................
.......####...########.#
......# ##..# #.# .....#
##.# #.. #...# #.# ###
##.. .# #. .# # #


You could see an acid dragon (very poisoned, catching breath).


Message History

Confirm with . or Enter, or press ? or * to list all spells.
Aiming: Sting (safe; 3% risk of failure)
Press: ? - help, Shift-Dir - straight line, f/p - black bear
Aim: a black bear (almost dead, confused, extremely poisoned, 94% to hit)
The sting hits the black bear.
The black bear looks as sick as possible!
You kill the black bear!
Vehumet accepts your kill.
Your Air Magic skill increases to level 2! 😎 MP[-1]
You lost 1 mp, and now have 10/22 mp. 😎 MP[+1]
e - 2 scrolls labelled DIRYES JUPTUKH (gained 1)
You open the door. You open the door.
An acid dragon comes into view.
The acid dragon roars! 😎 MP[+11]
Your mp is fully restored (22).
There is an open door here.
Casting: Sting (safe; 3% risk of failure)
Confirm with . or Enter, or press ? or * to list all spells.
Aiming: Sting (safe; 3% risk of failure)
Press: ? - help, Shift-Dir - straight line, f - acid dragon
Aim: an acid dragon (74% to hit)
The sting hits the acid dragon.
The acid dragon partially resists.
The acid dragon is poisoned.
The acid dragon spits acid at you. The splash of acid hits you!!
The acid corrodes you!
You hear a shout! 😮 HP[-25] MP[-1]
You take 25 damage, and now have 42/67 hp.
MASSIVE DAMAGE!! (PAUSE)
You lost 1 mp, and now have 21/22 mp.
Casting: Sting (safe; 3% risk of failure)
Confirm with . or Enter, or press ? or * to list all spells.
Aiming: Mercury Vapours (safe; 6% risk of failure)
Press: ? - help, Dir - move target, f/p - acid dragon
Aim: an acid dragon (lightly wounded, poisoned, catching its breath, chance to weaken: 76%)
You miscast Mercury Vapours.
You are very lightly contaminated with residual magic.
Nothing appears to happen. 😮 HP[+1] MP[-2]
You lost 2 mp, and now have 19/22 mp.
Casting: Mercury Vapours (safe; 6% risk of failure)
Confirm with . or Enter, or press ? or * to list all spells.
Aiming: Mercury Vapours (safe; 6% risk of failure)
Press: ? - help, Dir - move target, f/p - acid dragon
Aim: an acid dragon (lightly wounded, poisoned, chance to weaken: 76%) Fumes of mercury billow around the acid dragon!
The acid dragon looks weaker.
The acid dragon spits acid at you. The splash of acid hits you!!
* * * LOW HITPOINT WARNING * * *
The acid corrodes you! 😨 HP[-26] MP[-2]
You take 26 damage, and now have 17/67 hp.
MASSIVE DAMAGE!! (PAUSE)
You lost 2 mp, and now have 17/22 mp.
Casting: Mercury Vapours (safe; 6% risk of failure)
Confirm with . or Enter, or press ? or * to list all spells.
Aiming: Sting (safe; 3% risk of failure)
Press: ? - help, Shift-Dir - straight line, f/p - acid dragon
Aim: an acid dragon (lightly wounded, poisoned, weak, 74% to hit)
The sting hits the acid dragon.
The acid dragon partially resists.
The acid dragon looks even sicker. 😨 MP[-1]
You lost 1 mp, and now have 16/22 mp.
You take a swig of the potion and twirl your +0 dagger.
You hit the acid dragon but do no damage.
Your headbutt misses the acid dragon.
You savour every drop.
You feel much better. The acid dragon barely misses you.
The acid dragon claws you but does no damage. 😎 HP[+50] MP[+1]
Your hp is fully restored (67).
You hit the acid dragon but do no damage.
You headbutt the acid dragon, but do no damage.
The acid dragon spits acid at you. The splash of acid hits you!!
The acid corrodes you! 😮 HP[-24]
You take 24 damage, and now have 43/67 hp.
MASSIVE DAMAGE!! (PAUSE)
Casting: Sting (safe; 3% risk of failure)
Confirm with . or Enter, or press ? or * to list all spells.
Aiming: Sting (safe; 3% risk of failure)
Press: ? - help, Shift-Dir - straight line, f/p - acid dragon
Aim: an acid dragon (moderately wounded, very poisoned, catching its breath, weak, 74% to hit)
The sting hits the acid dragon but does no damage.
The acid dragon looks even sicker.
The acid dragon is no longer weakened.
The acid dragon bites you. The acid dragon claws you.
* * * LOW HITPOINT WARNING * * *
😨 HP[-11] MP[-1]
You take 11 damage, and now have 32/67 hp.
You lost 1 mp, and now have 16/22 mp.
Unknown command.
As you read the scroll of teleportation {@r4}, it crumbles to dust.
You feel strangely unstable. The acid dragon spits acid at you.
The splash of acid hits you!!
You die...

Skill      XL: |  1  2  3  4  5  6  7 |
---------------+----------------------+-----
Conjurations   | 1 2 3 |  3.2
Alchemy        | 3 4 |  4.2
Spellcasting   | 3 4 |  4.0
Fighting       | 2 3 |  3.3
Fire Magic     | 1 2 |  2.2
Air Magic      | 1 2 |  2.0
Dodging        | |  1.7
Stealth        | |  1.4

Action                     |  1- 3 |  4- 6 |  7- 9 || total
---------------------------+-------+-------+-------++-------
  Melee: Dagger            |    64 |    47 |     4 ||   115
         Unarmed           |     5 |       |       ||     5
         Headbutt          |    12 |     6 |     1 ||    19
   Cast: Sting             |    53 |    91 |    13 ||   157
         Mercury Vapours   |     1 |     5 |     3 ||     9
         Mephitic Cloud    |       |       |     1 ||     1
    Use: Potion            |       |     1 |     1 ||     2
         Scroll            |       |     4 |     2 ||     6
 Armour: Robe              |    51 |    78 |     8 ||   137
  Dodge: Dodged            |    34 |    45 |     2 ||    81

Levels and vault maps discovered:
D:1:      onia_arrival_mini_spirals, layout_basic, corexii_hall_statues_x,
          minivault_23, dk_noncrumbling_3,
          nicolae_concentric_dashed_squares_mild, chequers_garden, minmay_cupped
D:2:      layout_rooms, dreamdust_ecumenical_altar_drowned_temple, basic_altar,
          nicolae_half_adder
D:3:      layout_loops_ring, mainiacjoe_overflow_small_starburst,
          nrook_loot_triangle
D:4:      layout_gridville, minmay_temple_entry_sparse_star
D:5:      layout_loops_corners, serial_aquarium, aquarium_bridge_long_separate
          [aquarium_subvault_window, aquarium_subvault_bridge,
          aquarium_subvault_bridge, aquarium_subvault_wall,
          aquarium_subvault_wall, aquarium_subvault_bridge], aquarium_window_1,
          aquarium_window_fake, aquarium_window_2, aquarium_view_2b,
          aquarium_pool_1, ebering_ghost_sewer_f, amethyst_killhole
Temple:   mainiacjoe_temple_archimedes_tessellation

Notes
Turn   | Place    | Note
-------+----------+-------------------------------------------
     0 | D:1      | Skeral the Oni Alchemist began the quest for the Orb.
     0 | D:1      | Reached XP level 1. HP: 16/16 MP: 3/3
     0 | D:1      | magus.rc [v1.10.3]
    25 | D:1      | Reached skill level 1 in Conjurations
   132 | D:1      | Reached XP level 2. HP: 20/24 MP: 2/5
   363 | D:1      | Learned a level 2 spell: Mercury Vapours
   398 | D:1      | Reached skill level 3 in Alchemy
   662 | D:1      | Reached skill level 3 in Spellcasting
   806 | D:1      | Reached XP level 3. HP: 26/31 MP: 7/7
  1237 | D:2      | You pick up a book of Dreams and begin reading...
  1237 | D:2      | You add the spells Ensorcelled Hibernation, Fugue of the
                  | Fallen and Anguish to your library.
  1254 | D:2      | Found a sacrificial altar of Ru.
  1273 | D:2      | Found a faded altar of an unknown god.
  1676 | D:2      | You pick up a book of Displacement and begin reading...
  1676 | D:2      | You add the spells Lesser Beckoning, Gell's Gravitas and
                  | Teleport Other to your library.
  1703 | D:2      | Reached XP level 4. HP: 39/39 MP: 9/9
  1723 | D:2      | Reached skill level 2 in Conjurations
  1853 | D:2      | Learned a level 3 spell: Mephitic Cloud
  1858 | D:2      | Learned a level 4 spell: Sticky Flame
  2135 | D:3      | Found a sparkling altar of Nemelex Xobeh.
  2301 | D:3      | Reached XP level 5. HP: 45/46 MP: 10/10
  2311 | D:3      | Reached skill level 1 in Fighting
  2741 | D:4      | Noticed a black bear
  2757 | D:4      | Killed a black bear
  2758 | D:4      | Reached skill level 2 in Fighting
  2758 | D:4      | Reached skill level 4 in Spellcasting
  2758 | D:4      | Reached skill level 1 in Fire Magic
  2758 | D:4      | Reached skill level 1 in Air Magic
  2758 | D:4      | Reached XP level 6. HP: 31/57 MP: 8/12
  2912 | D:4      | Found a staircase to the Ecumenical Temple.
  2925 | Temple   | Entered the Ecumenical Temple
  2961 | Temple   | Became a worshipper of Vehumet
  3748 | D:5      | Entered Level 5 of the Dungeon
  3772 | D:5      | Reached skill level 4 in Alchemy
  3797 | D:5      | Found a runed translucent door.
  3804 | D:5      | Reached skill level 3 in Conjurations
  3814 | D:5      | Noticed Janerl's ghost (novice MiBe)
  3819 | D:5      | Reached skill level 3 in Fighting
  3819 | D:5      | Reached XP level 7. HP: 67/67 MP: 13/13
  3855 | D:5      | Reached skill level 2 in Fire Magic
  3919 | D:5      | Reached skill level 2 in Air Magic
  4089 | D:5      | Killed from afar by an acid dragon

Vanquished Creatures
  2 black bears
  A scorpion (D:5)
  3 hounds
  2 iguanas
  3 gnolls (D:3)
  9 adders
  3 dart slugs
  2 ribbon worms
  An orc (D:4)
  8 ball pythons
  4 bats
  7 endoplasms
  2 giant cockroaches (D:1)
  4 goblins
  7 hobgoblins
  3 jackals (D:2)
  3 quokkas
  3 frilled lizards
  6 kobolds
  7 rats
  A spectral hobgoblin (D:2)
81 creatures vanquished.

Table legend:
 A = Non-vault XP
 B = Vault XP
 C = Vault XP percentage of total XP
 D = Non-vault monster count
 E = Vault monster count
 F = Vault count percentage of total count
                 A         B        C        D         E       F
            +---------+---------+-------+---------+---------+-------
      Total |     767 |      46 |   5.7 |      73 |       8 |   9.9
            +---------+---------+-------+---------+---------+-------
        D:1 |      28 |       6 |  17.6 |      18 |       4 |  18.2
        D:2 |      60 |      40 |  40.0 |      18 |       4 |  18.2
        D:3 |      68 |       0 |   0.0 |      17 |       0 |   0.0
        D:4 |     276 |       0 |   0.0 |      15 |       0 |   0.0
        D:5 |     335 |       0 |   0.0 |       5 |       0 |   0.0
            +---------+---------+-------+---------+---------+-------

Skill      XL: |  1  2  3  4  5  6  7 |
---------------+----------------------+-----
Conjurations   | 1 2 3 |  3.2
Alchemy        | 3 4 |  4.2
Spellcasting   | 3 4 |  4.0
Fighting       | 2 3 |  3.3
Fire Magic     | 1 2 |  2.2
Air Magic      | 1 2 |  2.0
Dodging        | |  1.7
Stealth        | |  1.4

Action                     |  1- 3 |  4- 6 |  7- 9 || total
---------------------------+-------+-------+-------++-------
  Melee: Dagger            |    64 |    47 |     4 ||   115
         Unarmed           |     5 |       |       ||     5
         Headbutt          |    12 |     6 |     1 ||    19
   Cast: Sting             |    53 |    91 |    13 ||   157
         Mercury Vapours   |     1 |     5 |     3 ||     9
         Mephitic Cloud    |       |       |     1 ||     1
    Use: Potion            |       |     1 |     1 ||     2
         Scroll            |       |     4 |     2 ||     6
 Armour: Robe              |    51 |    78 |     8 ||   137
  Dodge: Dodged            |    34 |    45 |     2 ||    81

Illustrated notes

Table legend:
 A = Kills in this place as a percentage of kills in the entire game.
 B = Kills by you in this place as a percentage of kills by you in the entire game.
 C = Kills by friends in this place as a percentage of kills by friends in the entire game.
 D = Other kills in this place as a percentage of other kills in the entire game.
 E = Experience gained in this place as a percentage of experience gained in the entire game.
 F = Experience gained in this place divided by the number of levels of this place that you have seen.
                   A       B       C       D       E      F
               +-------+-------+-------+-------+-------+----------------------
         Total | 100.0 | 100.0 |   N/A |   N/A | 100.0 | 135.5
       Dungeon | 100.0 | 100.0 |   N/A |   N/A | 100.0 | 162.6
               +-------+-------+-------+-------+-------+----------------------

Table legend: (Time is in decaauts)
 A = Elapsed time spent in this place.
 B = Non-inter-level travel time spent in this place.
 C = Inter-level travel time spent in this place.
 D = Time resting spent in this place.
 E = Time spent auto-exploring this place.
 F = Levels seen in this place.
 G = Mean time per level.
                   A        B        C        D        E       F      G
               +--------+--------+--------+--------+--------+-----+--------+
         Total |   4086 |   3904 |    182 |    240 |   2640 |   6 |  681.0 |
       Dungeon |   4019 |   3899 |    120 |    240 |   2640 |   5 |  803.8 |
        Temple |     67 |      5 |     62 |      0 |      0 |   1 |   67.0 |
               +--------+--------+--------+--------+--------+-----+--------+

Top non-repeatable levels by time:
     D:1: 1091 daAuts
     D:4: 968 daAuts
     D:2: 840 daAuts
     D:3: 778 daAuts
     D:5: 340 daAuts
  Temple: 67 daAuts
